 Dungeon Crawl Stone Soup version 0.29-a0-2-g12fcac58f8 (webtiles) character file.

Game seed: 3337988646976771400

154799 dolemite99 the Grappler (level 17, -7/170 HPs)
             Began as a Troll Monk on Jan 26, 2022.
             Was an Elder of Fedhas.
             Mangled by a merfolk (13 damage)
             ... on level 4 of the Shoals on Jan 27, 2022.
             The game lasted 01:14:42 (37815 turns).

dolemite99 the Grappler (Troll Monk)               Turns: 37815, Time: 01:14:43

Health: -7/170     AC: 17    Str: 23    XL:     17   Next: 7%
Magic:  24/24      EV:  8    Int:  8    God:    Fedhas [****..]
Gold:   284        SH:  0    Dex: 16    Spells: 16/16 levels left

rFire   . . .      SeeInvis .     - Unarmed
rCold   + . .      Faith    .   A - +4 tower shield "Qiqoco" {rElec rC+ Slay+3}
rNeg    + + .      Spirit   .   G - +2 steam dragon scales
rPois   +          Reflect  +   w - +2 hat
rElec   +          Harm     .   f - scarf {shadows}
rCorr   +          Rampage  .   (gloves unavailable)
Will    +....                   (boots unavailable)
Stlth   ..........              s - amulet "Cutaac" {Reflect rN++ rCorr SH+5 Stlth-}
HPRegen 1.18/turn               c - ring of poison resistance
MPRegen 0.19/turn               p - +4 ring of protection {=R}

@: confused, mighty, about to teleport, ambrosia-drunk, hasted, very quick
A: large, unfitting armour, claws 3, regeneration 1, shaggy fur 1, tough skin 1
a: Renounce Religion, Wall of Briars, Grow Ballistomycete, Overgrow


You were on level 4 of the Shoals.
You worshipped Fedhas.
Fedhas was greatly pleased with you.
You visited 4 branches of the dungeon, and saw 27 of its levels.

You collected 2396 gold pieces.
You spent 2112 gold pieces at shops.

Inventory:

Hand Weapons
 a - the +11 hunting sling of Responsibility {flame, rC++ Will+}
   (You found it on level 1 of the Lair of Beasts)

   Any ammunition fired from it burns those it strikes, dealing additional fire
   damage.
   rC:        It greatly protects you from cold.
   Will:      It increases your willpower.
Missiles
 h - 777 stones (quivered)
 j - 28 boomerangs
 r - a silver boomerang
 t - 4 throwing nets
 H - 22 sling bullets
 T - 26 large rocks
Armour
 f - a scarf of shadows (worn)
 w - a +2 hat (worn)
 A - the +4 tower shield "Qiqoco" (worn) {rElec rC+ Slay+3}
   (You acquired it on level 3 of the Lair of Beasts)

   Slay:      It affects your accuracy & damage with ranged weapons and melee
   (+3).
   rC:        It protects you from cold.
   rElec:     It insulates you from electricity.
 G - +2 steam dragon scales (worn)
Jewellery
 c - a ring of poison resistance (left claw)
 e - a ring of magical power
 g - a ring of fire
 p - a +4 ring of protection (right claw) {=R}
 q - a ring of flight
 s - the amulet "Cutaac" (around neck) {Reflect rN++ rCorr SH+5 Stlth-}
   (You bought it in a shop on level 9 of the Dungeon)

   [amulet of reflection]

   It reflects blocked missile attacks.
   rN:        It greatly protects you from negative energy.
   rCorr:     It protects you from acid and corrosion.
   SH:        It affects your SH (+5).
   Stlth:     It makes you less stealthy.
 x - a ring of ice
 K - a ring of wizardry
 P - a +4 ring of evasion
 R - a ring of fire
 Z - a ring of see invisible
Wands
 i - a wand of iceblast (13)
 l - a wand of polymorph (16)
 n - a wand of digging (17)
 u - a wand of flame (16)
 L - a wand of mindburst (1)
 Y - a wand of charming (3)
Scrolls
 b - 3 scrolls of holy word
 y - 5 scrolls of vulnerability
 D - 3 scrolls of fog
 I - 12 scrolls of identify {@r1}
 S - a scroll of enchant weapon
 X - a scroll of silence
Potions
 k - 5 potions of lignification
 o - 7 potions of attraction
 v - 5 potions of brilliance
 z - 2 potions of ambrosia
 C - a potion of might
 E - a potion of berserk rage
 J - 3 potions of haste
 N - 4 potions of flight
 O - a potion of magic
 U - a potion of resistance
Miscellaneous
 m - a condenser vane
 Q - a phial of floods (inert)
 V - a phantom mirror
 W - a piece from Xom's chessboard (15/15)


   Skills:
 + Level 11.1 Fighting
 - Level 6.0(8.1) Slings
 - Level 10.8(11.9) Throwing
 - Level 9.3 Armour
 - Level 2.4 Dodging
 - Level 1.0 Stealth
 + Level 10.3 Shields
 - Level 11.5 Unarmed Combat
 - Level 11.0 Invocations
 - Level 9.0 Evocations


You had 16 spell levels left.
You didn't know any spells.
Your spell library contained the following spells:

 Spells                   Type           Power      Damage    Failure   Level
 Apportation              Tloc           0%         N/A       86%         1
 Freeze                   Ice            0%         1d3       86%         1
 Summon Small Mammal      Summ           0%         N/A       86%         1
 Corpse Rot               Necr/Air       0%         N/A       95%         2
 Ensorcelled Hibernation  Hex/Ice        0%         N/A       95%         2
 Passwall                 Tmut/Erth      0%         N/A       95%         2
 Poisonous Vapours        Pois/Air       0%         N/A       95%         2
 Call Canine Familiar     Summ           0%         N/A       99%         3
 Frozen Ramparts          Ice            0%         1d2       99%         3
 Inner Flame              Hex/Fire       0%         N/A       99%         3
 Stone Arrow              Conj/Erth      0%         3d7       99%         3
 Summon Guardian Golem    Hex/Summ       0%         N/A       99%         3
 Swiftness                Air            0%         N/A       99%         3
 Tukima's Dance           Hex            0%         N/A       99%         3
 Airstrike                Air            0%         N/A       100%        4
 Anguish                  Hex/Necr       0%         N/A       100%        4
 Animate Armour           Summ/Erth      0%         N/A       100%        4
 Cause Fear               Hex            0%         N/A       100%        4
 Hailstorm                Conj/Ice       0%         3d3       100%        4
 Ice Form                 Ice/Tmut       0%         N/A       100%        4
 Leda's Liquefaction      Hex/Erth       0%         N/A       100%        4
 Passage of Golubria      Tloc           0%         N/A       100%        4
 Summon Lightning Spire   Summ/Air       0%         N/A       100%        4
 Alistair's Intoxication  Tmut/Pois      0%         N/A       100%        5
 Lee's Rapid Deconstruct  Erth           0%         3d5*      100%        5
 Lightning Bolt           Conj/Air       0%         1d11      100%        5
 Silence                  Hex/Air        0%         N/A       100%        5
 Simulacrum               Ice/Necr       0%         N/A       100%        6
 Statue Form              Tmut/Erth      0%         N/A       100%        6
 Enfeeble                 Hex            0%         N/A       100%        7
 Discord                  Hex            0%         N/A       100%        8
 Lehudib's Crystal Spear  Conj/Erth      0%         10d2      100%        8


Dungeon Overview and Level Annotations

Branches:
Dungeon (15/15)            Temple (0/1) D:4            Lair (6/6) D:11
 Shoals (4/4) Lair:3       Spider (0/4) Lair:3        Slime (0/5) Lair:6
    Orc (2/2) D:11            Elf (0/3) Orc:2        Vaults (0/5) D:13
 Depths (0/4) D:15

Altars:
Fedhas
Gozag
Makhleb
Nemelex Xobeh
Okawaru
Qazlal
Ru
Zin

Shops:
D:2 (   D:4 [   D:7 (   D:9 ![![=   Orc:2 ([(=   Shoals:2 *([***

Portals:
Trove: D:15 (give horn of Geryon)

Annotations:
D:3 2 transporters
D:6 Pikel
D:9 3 runed translucent doors, Clumpoid's ghost, journeyman GnFi
D:15 2 runed translucent doors, muata's ghost, journeyman MiBe
Lair:5 exclusion: downstairs
Shoals:3 1 exclusion


Innate Abilities, Weirdness & Mutations

You are too large for most types of armour.
You have claws for hands.
Your natural rate of healing is unusually fast.
You are covered in fur. (AC +1)
You have tough skin. (AC +1)


Message History

You hear a haunting song.
The merfolk hits you from afar with a +0 trident!
* * * LOW HITPOINT WARNING * * *
You feel better.
The merfolk javelineer throws a javelin.
The javelin pierces through you!
* * * LOW HITPOINT WARNING * * *
You block the merfolk's attack.
A ballistomycete spore comes into view.
As you read the scroll of teleportation, it crumbles to dust.
You feel strangely unstable.
You hear a haunting song.
You block the merfolk's attack. The wind drake flaps its wings at you.
The air twists around and strikes you!
* * * LOW HITPOINT WARNING * * *
The merfolk javelineer throws a javelin.
The javelin pierces through you.
* * * LOW HITPOINT WARNING * * *
As you read the scroll of fog, it crumbles to dust.
The scroll dissolves into smoke.
You block the merfolk's attack.
You hear a haunting song.
You block the merfolk's attack.
A snapping turtle comes into view.
You block the merfolk's attack.
The merfolk hits you but does no damage.
Your ballistomycete spore explodes!
Fedhas protects your plant from harm.
The wind drake appears confused.
The explosion of spores engulfs the wind drake!
The wind drake is moderately wounded.
You hear a bleat!
You hear an angry hiss.
You are confused.
You feel invigorated.
You hear a haunting song.
The merfolk hits you from afar with a +0 trident!
* * * LOW HITPOINT WARNING * * *
The merfolk hits you with a +0 trident!
You die...
Fedhas appreciates your contribution to the ecosystem.

....≈.≈# .P.≈≈≈≈
≈≈≈*≈≈
##≈≈#.:.......
≈≈≈(≈≈
!............≈≈
≈≈≈≈(≈
≈m≈....(...≈≈≈≈≈
≈≈≈≈≈.
≈≈≈........≈≈≈≈≈
≈≈≈m.P§k..m≈≈≈≈≈
≈≈tP.§§§m≈≈≈≈≈≈≈
≈≈≈≈.§@m§≈≈≈≈≈≈.
≈≈≈≈≈m§§§≈≈≈≈...
≈PP≈≈§§§§≈≈≈≈...
≈≈≈≈≈§§§§≈≈≈≈≈..
P≈≈≈≈≈≈≈≈≈≈≈≈≈..
≈≈≈≈≈≈≈≈≈≈≈≈≈≈≈.
≈≈≈≈≈≈≈≈≈≈≈≈≈≈≈≈
≈≈≈≈≈≈≈≈≈≈≈≈≈≈≈≈
≈≈≈≈≈≈≈≈≈≈≈≈≈≈


You could see 2 merfolk impalers, a merfolk javelineer, a snapping turtle, a
wind drake (repels missiles, confused), 3 merfolk and a friendly ballistomycete
(summoned).

Vanquished Creatures
  Jorgrun (D:14)
  Rupert (D:14)
  Polyphemus (Shoals:2)
  Gastronok (Orc:1)
  Roxanne (D:14)
  Ilsuiw (Shoals:2)
  Aizul (Shoals:4)
  Nessos (D:14)
  Azrael (Orc:2)
  A vault guard (D:13)
  2 merfolk javelineers
  6 merfolk impalers
  A rakshasa (D:15)
  3 boulder beetles
  Erolcha (D:10)
  2 catoblepae
  9 hydras
  A merfolk avatar (Lair:6)
  3 merfolk aquamancers
  An ogre mage (D:14)
  6 two-headed ogres
  4 centaur warriors
  An alligator snapping turtle (Shoals:3)
  The ghost of croobank the Arsonist, a journeyman DrFE of Hepliaklqana (Lair:1)
  2 satyrs (Shoals:3)
  3 tengu warriors
  Urug (Lair:3)
  6 death yaks
  An orc high priest (Orc:2)
  A glowing orange brain (D:15)
  10 sea snakes
  20 harpies
  4 wizards
  4 lindwurms
  2 deep elf pyromancers (D:15)
  An orc knight (D:11)
  7 orc sorcerers
  17 ugly things
  2 necromancers (D:13)
  10 fauns
  A manticore (shapeshifter) (D:14)
  3 cyclopes
  3 merfolk sirens
  5 water nymphs
  14 manticores
  Joseph (D:7)
  6 black mambas
  8 elephants (Lair:6)
  3 torpor snails
  A gargoyle (D:12)
  4 unseen horrors
  14 cane toads
  A kobold demonologist (D:9)
  An efreet (D:12)
  15 komodo dragons
  7 rime drakes
  A freezing wraith (D:15)
  A meliai (Lair:3)
  A troll (shapeshifter) (D:14)
  2 trolls (D:11)
  7 wind drakes
  4 polar bears
  Prince Ribbit (D:9)
  10 blink frogs
  29 merfolk
  9 snapping turtles
  A hornet (D:9)
  13 dream sheep (Lair:6)
  9 slime creatures
  7 water elementals
  2 shadows
  8 wyverns
  2 vampires
  2 hogs (D:14)
  75 yaks
  3 steam dragons
  3 fire elementals (Orc:2)
  20 humans (D:13)
  6 vampire mosquitoes
  7 basilisks
  A redback (shapeshifter) (D:15)
  A warg (Orc:1)
  Edmund (D:5)
  A swamp worm (shapeshifter) (D:15)
  4 acid dragons
  15 water moccasins
  An acid dragon (shapeshifter) (D:15)
  4 hell hounds (Orc:2)
  A sky beast (D:6)
  23 orc warriors
  A swamp drake (D:11)
  3 black bears
  2 necrophages (D:4)
  2 ice beasts
  7 ogres
  10 wolves
  A phantom (D:6)
  10 centaurs
  2 kobold brigands (D:9)
  A lemure (D:6)
  A wyvern zombie (D:8)
  8 bullfrogs
  4 scorpions
  A wyvern skeleton (D:6)
  A hornet simulacrum (D:15)
  6 wights
  12 killer bees
  6 electric eels
  7 howler monkeys
  6 jellies
  7 centaur zombies
  A bullfrog zombie (D:5)
  25 orc priests
  4 hounds
  2 bullfrog skeletons
  3 centaur skeletons (D:5)
  3 gnoll shamans
  2 iguanas
  36 orc wizards
  2 killer bee zombies
  2 howler monkey zombies
  A howler monkey skeleton (D:6)
  18 gnolls
  9 adders
  A shadow imp (D:5)
  5 white imps
  2 ufetubi
  A worm (D:2)
  6 dart slugs
  62 orcs
  23 endoplasms
  7 giant cockroaches
  5 hobgoblins
  4 jackals (D:4)
  16 kobolds
  3 quokkas
  11 ball pythons
  10 bats
  4 frilled lizards
  2 goblins
  7 rats
  6 ballistomycete spores
885 creatures vanquished.

Vanquished Creatures (collateral kills)
  Kirke (D:14)
  An ugly thing (D:14)
  A cyclops (Shoals:4)
  A merfolk siren (Shoals:2)
  2 water nymphs (Shoals:2)
  A water elemental (Shoals:4)
  A human (D:13)
  2 hogs (D:14)
  191 ballistomycete spores
201 creatures vanquished.

Vanquished Creatures (others)
  4 oklob plants
  A manticore (Shoals:4)
  A merfolk siren (Shoals:3)
  A merfolk (Shoals:2)
  A snapping turtle (Lair:6)
  An orc warrior (D:10)
  A water moccasin (Lair:5)
  An orc (Orc:2)
  20 ballistomycete spores
  48 fungi
  299 plants
  9 tentacles (Shoals:3)
  10 withered plants (Shoals:4)
397 creatures vanquished.

Grand Total: 1483 creatures vanquished

Notes
Turn   | Place    | Note
-------+----------+-------------------------------------------
     0 | D:1      | dolemite99 the Troll Monk began the quest for the Orb.
     0 | D:1      | Reached XP level 1. HP: 22/22 MP: 0/0
    97 | D:1      | Reached XP level 2. HP: 29/29 MP: 1/1
   418 | D:1      | Reached XP level 3. HP: 36/36 MP: 2/2
   876 | D:1      | Reached skill level 5 in Unarmed Combat
   876 | D:1      | Reached XP level 4. HP: 15/44 MP: 3/3
  1249 | D:2      | Reached XP level 5. HP: 50/50 MP: 4/4
  1288 | D:2      | Found Mamihal's Weapon Shop.
  2033 | D:3      | Found a transporter.
  2065 | D:3      | Found a blossoming altar of Fedhas.
  2066 | D:3      | Found a burning altar of Makhleb.
  2066 | D:3      | Found a sparkling altar of Nemelex Xobeh.
  2068 | D:3      | Found a stormy altar of Qazlal.
  2085 | D:3      | Became a worshipper of Fedhas Madash
  2085 | D:3      | Reached * piety under Fedhas
  2085 | D:3      | Reached ** piety under Fedhas
  2259 | D:3      | Found a transporter.
  2902 | D:4      | Reached skill level 1 in Invocations
  2926 | D:4      | Noticed an ogre
  2941 | D:4      | Killed an ogre
  2942 | D:4      | Reached XP level 6. HP: 31/59 MP: 4/6
  2977 | D:4      | Found a staircase to the Ecumenical Temple.
  3021 | D:4      | Found Raenesch's Armour Shop.
  3064 | D:4      | Reached XP level 7. HP: 64/66 MP: 6/8
  3523 | D:4      | Found a sacrificial altar of Ru.
  3704 | D:5      | Entered Level 5 of the Dungeon
  4120 | D:5      | Noticed Edmund
  4132 | D:5      | Killed Edmund
  4133 | D:5      | Reached XP level 8. HP: 74/74 MP: 10/10
  4249 | D:5      | Reached *** piety under Fedhas
  4318 | D:5      | Reached skill level 5 in Invocations
  4993 | D:5      | Reached XP level 9. HP: 73/80 MP: 12/12
  5047 | D:5      | Reached skill level 1 in Shields
  5152 | D:5      | Found a glowing silver altar of Zin.
  5152 | D:5      | Found an opulent altar of Gozag.
  5153 | D:5      | Found an iron altar of Okawaru.
  6713 | D:6      | Reached skill level 5 in Shields
  6758 | D:6      | Noticed Pikel
  6810 | D:7      | Reached **** piety under Fedhas
  6879 | D:7      | Found Ytuasmenosm's Firing Range.
  7657 | D:7      | Noticed Joseph
  7689 | D:7      | Killed Joseph
  7934 | D:7      | Reached XP level 10. HP: 88/88 MP: 13/13
  8547 | D:8      | Reached skill level 5 in Fighting
  8883 | D:8      | Reached ***** piety under Fedhas
  9268 | D:8      | Noticed a two-headed ogre
  9273 | D:8      | Noticed a two-headed ogre
  9306 | D:8      | Killed a two-headed ogre
  9870 | D:8      | HP: 7/145 [two-headed ogre (11)]
  9871 | D:8      | Killed a two-headed ogre
 10238 | D:8      | Identified the +2 scale mail of Dishonesty {rF+}
 10260 | D:9      | Found Maac Loo's Distillery.
 10337 | D:9      | Bought 2 potions of heal wounds for 120 gold pieces
 10337 | D:9      | Bought a potion of heal wounds for 60 gold pieces
 10337 | D:9      | Bought a potion of might for 48 gold pieces
 10337 | D:9      | Bought a potion of lignification for 36 gold pieces
 10470 | D:9      | Reached XP level 11. HP: 111/111 MP: 14/14
 10495 | D:9      | Found Imaosmef's Distillery.
 10529 | D:9      | Bought a potion of curing for 48 gold pieces
 10558 | D:9      | Found a runed translucent gate.
 10559 | D:9      | Found a runed translucent gate.
 10559 | D:9      | Noticed a two-headed ogre
 10561 | D:9      | Found a runed translucent gate.
 10562 | D:9      | Noticed Clumpoid's ghost (journeyman GnFi)
 10567 | D:9      | Noticed Prince Ribbit
 10573 | D:9      | Killed Prince Ribbit
 10690 | D:9      | Reached skill level 10 in Unarmed Combat
 10867 | D:9      | Found Fise's Jewellery Boutique.
 10991 | D:9      | Found Zypailei's Antique Armour Shoppe.
 11012 | D:9      | Noticed a harpy
 11039 | D:9      | Found Poefen's Armour Emporium.
 11276 | D:9      | Noticed a seven-headed hydra
 11294 | D:9      | Upgraded the game from 0.28-a0-1638-g9123634e07 to
                  | 0.29-a0-2-g12fcac58f8
 11319 | D:10     | Entered Level 10 of the Dungeon
 12106 | D:10     | Noticed a white ugly thing
 12116 | D:10     | Killed a white ugly thing
 12205 | D:10     | Noticed Erolcha
 12827 | D:10     | Noticed a white ugly thing
 12847 | D:10     | Killed a white ugly thing
 12852 | D:10     | Killed Erolcha
 14193 | D:9      | Bought a runed hat for 154 gold pieces
 14399 | D:11     | Reached skill level 1 in Throwing
 15580 | D:11     | Reached skill level 5 in Throwing
 15584 | D:11     | Reached XP level 12. HP: 119/119 MP: 9/17
 15668 | D:11     | Found a staircase to the Lair.
 15901 | D:11     | Found a staircase to the Orcish Mines.
 16213 | D:7      | Bought 3 boomerangs for 19 gold pieces
 16213 | D:7      | Bought 6 poisoned darts for 31 gold pieces
 16348 | Lair:1   | Entered Level 1 of the Lair of Beasts
 16365 | Lair:1   | Noticed an eight-headed hydra
 16386 | Lair:1   | Killed an eight-headed hydra
 16547 | Lair:1   | Identified the +11 hunting sling of Responsibility {flame,
                  | rC++ Will+}
 17306 | Lair:1   | Noticed croobank's ghost (journeyman DrFE)
 17327 | Lair:1   | Found a runed translucent door.
 17951 | Lair:1   | Killed croobank's ghost
 18010 | Lair:2   | Noticed a four-headed hydra
 18023 | Lair:2   | Killed a four-headed hydra
 19156 | Lair:3   | Noticed Urug
 19163 | Lair:3   | Killed Urug
 19268 | Lair:3   | Reached skill level 10 in Throwing
 19370 | Lair:3   | Found a staircase to the Shoals.
 19556 | Lair:3   | Identified a scroll of acquirement
 19556 | Lair:3   | Acquired the +4 tower shield "Qiqoco" {rElec rC+ Slay+3}
 19780 | Lair:3   | Reached XP level 13. HP: 122/127 MP: 18/18
 19796 | Lair:3   | Found a hole to the Spider Nest.
 20113 | Lair:3   | Reached skill level 1 in Slings
 20958 | Lair:4   | Identified the +8 war axe of Raelushe {spect, rElec rF+
                  | Str-4}
 21022 | Lair:4   | Reached skill level 1 in Evocations
 22235 | Lair:5   | Reached skill level 5 in Evocations
 22381 | Lair:5   | You fall into a shaft and drop 1 floor!
 22381 | Lair:6   | Entered Level 6 of the Lair of Beasts
 23132 | Lair:6   | Reached XP level 14. HP: 114/136 MP: 19/19
 24403 | Lair:6   | Found a staircase to the Slime Pits.
 24540 | Lair:6   | Identified the +3 halberd of the Hero {vorpal, rElec rF-
                  | rN+ Dex+4}
 25190 | D:9      | Bought the amulet "Cutaac" {Reflect rN++ rCorr SH+5 Stlth-}
                  | for 568 gold pieces
 25294 | Orc:1    | Entered Level 1 of the Orcish Mines
 25294 | Orc:1    | Noticed Gastronok
 25307 | Orc:1    | Killed Gastronok
 25308 | Orc:1    | Reached skill level 5 in Slings
 26540 | Orc:2    | Entered Level 2 of the Orcish Mines
 27189 | Orc:2    | Found a staircase to the Elven Halls.
 27274 | Orc:2    | Noticed Azrael
 27293 | Orc:2    | Killed Azrael
 28049 | Orc:2    | Found Uryqakh's Weapon Shop.
 28050 | Orc:2    | Found Xobyl's Jewellery Shop.
 28051 | Orc:2    | Found Age Hakk's Armour Boutique.
 28055 | Orc:2    | Found Ixkume's Weapon Boutique.
 28303 | Orc:2    | Bought a +4 ring of protection for 612 gold pieces
 28479 | D:12     | Identified the +1 leather armour of Resilience {rN+ Str-4
                  | SInv}
 28508 | D:12     | Reached XP level 15. HP: 112/148 MP: 20/20
 29668 | D:13     | Found a gate leading to a gauntlet.
 29846 | D:13     | Identified the +0 cloak of the Lost Path {rC++ Str-2 Dex+5}
 30015 | D:13     | Reached skill level 1 in Armour
 30298 | D:13     | Found a gate to the Vaults.
 30556 | D:14     | Noticed Kirke
 30560 | D:14     | Noticed a sphinx
 30577 | D:14     | Paralysed by a sphinx for 5 turns
 30589 | D:14     | Reached skill level 5 in Armour
 30596 | D:14     | Killed Kirke
 30643 | D:14     | Noticed Roxanne
 30659 | D:14     | Killed Roxanne
 30724 | D:14     | Noticed Rupert
 30756 | D:14     | Killed Rupert
 30823 | D:14     | Noticed Jorgrun
 30842 | D:14     | Killed Jorgrun
 31453 | D:14     | Noticed Nessos
 31460 | D:14     | Killed Nessos
 31825 | D:15     | Entered Level 15 of the Dungeon
 32154 | D:15     | Found a staircase to the Depths.
 32539 | D:15     | Found a portal to a secret trove of treasure.
 32617 | D:15     | Found a large runed translucent door.
 32617 | D:15     | Found a large runed translucent door.
 32621 | D:15     | Noticed muata's ghost (journeyman MiBe)
 33035 | D:9      | Bought 2 potions of invisibility for 256 gold pieces
 33035 | D:9      | Bought a potion of heal wounds for 80 gold pieces
 33035 | D:9      | Bought a potion of heal wounds for 80 gold pieces
 33172 | Shoals:1 | Entered Level 1 of the Shoals
 33189 | Shoals:1 | Reached XP level 16. HP: 157/157 MP: 21/21
 34213 | Shoals:2 | Noticed Ilsuiw
 34222 | Shoals:2 | Killed Ilsuiw
 34555 | Shoals:2 | Found Pivih's Specific Store.
 34558 | Shoals:2 | Found Bewu's General Store.
 35225 | Shoals:2 | Found Majushetto's Visitors' Centre.
 35231 | Shoals:2 | Found Majushetto's Merfolk Weapons.
 35231 | Shoals:2 | Found Majushetto's Merfolk Armours.
 35231 | Shoals:2 | Found Majushetto's Merfolk Magic.
 35400 | Shoals:2 | Reached skill level 10 in Invocations
 35499 | Shoals:2 | Noticed Polyphemus
 35512 | Shoals:2 | Killed Polyphemus
 36138 | Shoals:3 | Reached skill level 10 in Fighting
 37037 | Shoals:3 | Noticed a kraken
 37160 | Shoals:4 | Entered Level 4 of the Shoals
 37317 | Shoals:4 | Reached skill level 10 in Shields
 37754 | Shoals:4 | Reached XP level 17. HP: 169/169 MP: 19/24
 37758 | Shoals:4 | Noticed Aizul
 37768 | Shoals:4 | Killed Aizul
 37811 | Shoals:4 | HP: 7/170 [merfolk javelineer/javelin (6)]
 37814 | Shoals:4 | HP: 2/170 [merfolk (10)]
 37815 | Shoals:4 | Mangled by a merfolk

Illustrated notes

Levels and vault maps discovered:
D:1:      dpeg_arrival_prison, layout_basic, item_on_display_a
D:2:      minmay_alternating_diamond, layout_basic, serial_shops,
          nicolae_shop_behind_doors
D:3:      gammafunk_wand_slinger, layout_basic,
          chequers_temple_overflow_statue_of_worship
D:4:      layout_basic, nicolae_ru_sacrificial_ziggurat, temple_pool_b,
          serial_shops, shop, corexii_corridor_pit, minmay_surrounded
D:5:      cheibrodos_fzero, layout_loops_ring, gammafunk_temple_overflow_claw,
          uniq_edmund
D:6:      layout_loops_cross, eino_small_chamber_without_monster, uniq_pikel
D:7:      layout_rooms, nicolae_shop_firing_range, uniq_joseph
D:8:      lemuel_slime, layout_loops_ring, kennysheep_kite_vault
D:9:      layout_irregular_city, gammafunk_ghost_split, serial_shops,
          nicolae_square_shop, shop, kennysheep_mini, shop,
          nicolae_shop_temple_entry_statues_fountains, uniq_prince_ribbit1
D:10:     wad_woods_pond, layout_layer_cave, uniq_erolcha
D:11:     layout_roguey, erik_lair_dragon, erik_orc_2, serial_aquarium,
          aquarium_bridge_long_joined [aquarium_subvault_bridge,
          aquarium_subvault_bridge, aquarium_subvault_bridge,
          aquarium_subvault_bridge, aquarium_subvault_wall,
          aquarium_subvault_bridge], aquarium_window_fake, aquarium_window_2,
          aquarium_view_2f
D:12:     layout_loops_ring
D:13:     layout_rooms, grunt_vaults_entry_tiered, gauntlet_entry_generic
D:14:     layout_long_grid, uniq_nessos, uniq_jorgrun, uniq_rupert,
          uniq_roxanne, uniq_kirke
D:15:     gammafunk_enter_depths_forms, layout_basic,
          nicolae_concentric_dashed_squares_wild, nicolae_trove_entry_crossroad,
          ebering_ghost_disaster_area
Lair:1:   layout_gridlike, hellmonk_ghost_happy_afterlife
Lair:2:   layout_chaotic_city, st_stairs_10
Lair:3:   layout_loops_ring, minmay_shoals_entry_beasts,
          hellmonk_spider_entry_not_the_bees, serial_bayou_lake_a, uniq_urug
Lair:4:   layout_hall_layers, hangedman_lair_generics_rect
Lair:5:   layout_small_grid, nicolae_lair_lindhole
Lair:6:   gammafunk_lair_ancient_temple, layout_regular_city,
          minmay_slime_entry_oklob_enclosed, nicolae_lair_lil_pond,
          nicolae_lair_yak_garden
Shoals:1: layout_shoals
Shoals:2: nicolae_shoals_mermall, layout_shoals, nicolae_specific_store,
          uniq_ilsuiw, uniq_polyphemus
Shoals:3: layout_shoals, nicolae_shoals_this_corrosion
Shoals:4: shoals_end_grunt_ice, layout_shoals, nicolae_shoals_spectral_cove,
          uniq_aizul
Orc:1:    layout_caves, uniq_gastronok
Orc:2:    st_orc_mages, layout_diamond_mine, uniq_azrael

Skill      XL: |  1  2  3  4  5  6  7  8  9 10 11 12 13 14 15 16 17 |
---------------+----------------------------------------------------+-----
Unarmed Combat | 4 5 6 7 8 9 11 | 11.5
Invocations    | 1 3 4 6 8 11 | 11.0
Shields        | 6 7 8 10 | 10.3
Fighting       | 8 9 10 11 | 11.1
Throwing       | 5 10 | 10.8
Slings         | 4 5 6 |  6.0
Evocations     | 6 8 9 |  9.0
Armour         | 9 |  9.3
Dodging        | |  2.4
Stealth        | |  1.0

Action                   |  1- 3 |  4- 6 |  7- 9 | 10-12 | 13-15 | 16-18 || total
-------------------------+-------+-------+-------+-------+-------+-------++-------
Melee: Unarmed           |    67 |   113 |   262 |   543 |   322 |   139 ||  1446
       Punch             |       |     4 |     2 |       |       |       ||     6
 Fire: Hunting sling     |       |       |       |   156 |   892 |   434 ||  1482
Throw: Stone             |    63 |    47 |     4 |    13 |       |       ||   127
       Dart              |       |     7 |    75 |    73 |       |       ||   155
       Boomerang         |       |       |       |    54 |     3 |       ||    57
       Large rock        |       |       |       |       |     2 |    11 ||    13
Invok: Grow Ballistomyce |       |       |     4 |    16 |    30 |    11 ||    61
       Wall of Briars    |       |       |       |     1 |       |     2 ||     3
       Overgrow          |       |       |       |       |       |     2 ||     2
       Grow Oklob        |       |       |       |       |       |     1 ||     1
Evoke: Wand              |       |       |       |    14 |    11 |     9 ||    34
       Phantom mirror    |       |       |       |       |     2 |     1 ||     3
       Piece from Xom's  |       |       |       |       |     1 |     2 ||     3
       Phial of floods   |       |       |       |       |       |     2 ||     2
       Condenser vane    |       |       |       |       |       |     1 ||     1
  Use: Scroll            |       |     1 |    17 |    12 |    10 |    11 ||    51
       Potion            |       |       |     2 |     3 |    11 |    20 ||    36
 Stab: Distracted        |       |       |     1 |       |       |       ||     1
       Confused          |       |       |       |     4 |     3 |       ||     7
       Sleeping          |       |       |       |     2 |     1 |       ||     3
       Invisible         |       |       |       |       |       |     3 ||     3
Armor: Robe              |    11 |    35 |    61 |    27 |       |       ||   134
       Skin              |       |       |     3 |     4 |       |       ||     7
       Steam dragon scal |       |       |       |   125 |   136 |   129 ||   390
Dodge: Dodged            |    30 |    63 |   115 |   196 |   151 |   130 ||   685
Block: Kite shield       |       |       |   100 |   325 |       |       ||   425
       Tower shield      |       |       |       |     8 |   603 |   587 ||  1198
       Reflection        |       |       |       |       |    29 |    55 ||    84

Table legend: (Time is in decaauts)
 A = Elapsed time spent in this place.
 B = Non-inter-level travel time spent in this place.
 C = Inter-level travel time spent in this place.
 D = Time resting spent in this place.
 E = Time spent auto-exploring this place.
 F = Levels seen in this place.
 G = Mean time per level.
                   A        B        C        D        E       F      G
               +--------+--------+--------+--------+--------+-----+--------+
         Total |  38305 |  34821 |   3484 |   8943 |  16995 |  27 | 1418.7 |
       Dungeon |  23087 |  20324 |   2763 |   6435 |   9138 |  15 | 1539.1 |
          Lair |   8658 |   8141 |    517 |   1093 |   4839 |   6 | 1443.0 |
        Shoals |   4395 |   4274 |    121 |    852 |   2175 |   4 | 1098.8 |
  Orcish Mines |   2164 |   2082 |     82 |    562 |    842 |   2 | 1082.0 |
               +--------+--------+--------+--------+--------+-----+--------+

Top non-repeatable levels by time:
    D:11: 3015 daAuts
    D:10: 2895 daAuts
     D:8: 2195 daAuts
  Lair:6: 1949 daAuts
     D:4: 1741 daAuts
     D:7: 1741 daAuts
  Lair:4: 1684 daAuts
   Orc:2: 1632 daAuts
    D:14: 1545 daAuts
Shoals:3: 1534 daAuts
Shoals:2: 1498 daAuts
     D:6: 1429 daAuts
     D:9: 1370 daAuts
    D:12: 1278 daAuts
  Lair:1: 1270 daAuts
